[ AOE2 MATCH · #505572656 ]
UnrankedAztecs vs Dravidians
Player's team · WIN
Rival team · LOSS
[ REPLAY ANALYSIS · EXTRACTED FROM THE RECORDED GAME ]
Feudal
9:49
Castle
—
Imperial
—
| APM avg | 41.2 |
| APM peak | 74 |
| eAPM avg | 15.9 |
| Villagers / military | 42 / 33 |
Focus
⚔️ 29.3% · 🌾 70.7%
Archer ×19 · Militia ×13 · Eagle Scout ×1
Feudal
14:03
Castle
—
Imperial
—
| APM avg | 66.3 |
| APM peak | 94 |
| eAPM avg | 30.2 |
| Villagers / military | 65 / 43 |
Focus
⚔️ 45.2% · 🌾 54.8%
Militia ×32 · Archer ×6 · Skirmisher ×5
Match map
Initial resources + every placement click. Lines = walls · curves = elevation contours. ◆ gold · ⬟ stone · ● berries · ✦ relic · ◌ wall gap
Your base· ✓ Closed at 22:47 · 47t walls · no gate
NatheSpike's base· Open — opponent sealed themselves in
Smoothed initial terrain · ◌ = detected wall gap · hover for details
Inputs per minute
— HaleDuck - - NatheSpike
Build order — HaleDuck
128 actions detected in the replay
| 0:01 | Queue | Villager (Male) |
| 0:01 | Queue | Villager (Male) |
| 0:02 | Build | House |
| 0:03 | Build | House |
| 0:32 | Queue | Villager (Male) |
| 0:39 | Queue | Villager (Male) |
| 1:34 | Queue | Villager (Male) |
| 1:52 | Build | Lumber Camp |
| 1:57 | Queue | Villager (Male) |
| 2:29 | Queue | Villager (Male) |
| 3:06 | Queue | Villager (Male) |
| 3:06 | Queue | Villager (Male) |
| 3:07 | Queue | Villager (Male) |
| 3:19 | Build | House |
| 3:49 | Queue | Villager (Male) |
| 4:01 | Queue | Villager (Male) |
| 4:11 | Queue | Villager (Male) |
| 4:18 | Build | Mill |
| 5:01 | Queue | Villager (Male) |
| 5:19 | Queue | Villager (Male) |
| 6:03 | Queue | Villager (Male) |
| 6:17 | Queue | Villager (Male) |
| 6:21 | Research | Loom |
| 6:59 | Build | Barracks |
| 7:39 | Research | Feudal Age |
| 7:49 | Queue | Villager (Male) |
| 7:51 | Build | House |
| 7:59 | Build | House |
| 8:08 | Queue | Militia |
| 8:28 | Queue | Militia |
| 8:46 | Queue | Militia |
| 9:37 | Build | House |
| 9:44 | Build | Mining Camp |
| 9:45 | Queue | Villager (Male) |
| 9:49 | Age | Feudal Age |
| 9:51 | Research | Man-at-Arms (upgrade) |
| 10:04 | Queue | Militia |
| 10:11 | Queue | Villager (Male) |
| 10:28 | Queue | Militia |
| 10:43 | Queue | Villager (Male) |
| 10:47 | Build | House |
| 10:48 | Build | Palisade Wall |
| 11:07 | Research | Arson |
| 11:29 | Research | Double-Bit Axe |
| 11:31 | Queue | Villager (Male) |
| 11:50 | Queue | Militia |
| 11:50 | Queue | Militia |
| 11:55 | Build | House |
| 12:00 | Build | Palisade Wall |
| 12:58 | Build | Archery Range |
| 13:00 | Queue | Villager (Male) |
| 13:01 | Build | House |
| 13:35 | Queue | Militia |
| 13:53 | Queue | Villager (Male) |
| 14:05 | Queue | Militia |
| 14:24 | Queue | Militia |
| 14:27 | Queue | Archer |
| 14:27 | Queue | Archer |
| 14:29 | Build | House |
| 14:39 | Queue | Villager (Male) |
| 14:43 | Queue | Militia |
| 14:51 | Queue | Militia |
| 15:15 | Queue | Villager (Male) |
| 15:19 | Build | Farm |
| 15:19 | Queue | Villager (Male) |
| 15:31 | Queue | Villager (Male) |
| 15:37 | Build | Mill |
| 15:44 | Queue | Archer |
| 15:44 | Queue | Archer |
| 15:48 | Queue | Villager (Male) |
| 15:58 | Build | Farm |
| 16:08 | Build | Palisade Wall |
| 16:11 | Build | Palisade Wall |
| 16:12 | Build | Palisade Wall |
| 16:16 | Build | Farm |
| 16:17 | Queue | Villager (Male) |
| 16:48 | Build | House |
| 16:49 | Build | Palisade Wall |
| 16:51 | Queue | Archer |
| 17:04 | Queue | Archer |
| 17:09 | Queue | Villager (Male) |
| 17:29 | Queue | Militia |
| 17:36 | Queue | Villager (Male) |
| 17:44 | Build | Farm |
| 17:44 | Build | Farm |
| 17:44 | Build | Farm |
| 17:48 | Build | Farm |
| 17:58 | Queue | Villager (Male) |
| 18:06 | Build | Farm |
| 18:09 | Queue | Archer |
| 18:14 | Build | Blacksmith |
| 18:42 | Queue | Villager (Male) |
| 19:08 | Queue | Villager (Male) |
| 19:11 | Build | Farm |
| 19:13 | Queue | Archer |
| 19:17 | Build | House |
| 19:18 | Build | House |
| 19:25 | Build | Farm |
| 19:40 | Build | House |
| 19:41 | Build | Palisade Wall |
| 19:43 | Queue | Villager (Male) |
| 19:45 | Build | Farm |
| 19:59 | Queue | Archer |
| 20:01 | Research | Fletching |
| 20:08 | Queue | Archer |
| 20:13 | Queue | Villager (Male) |
| 20:22 | Build | Farm |
| 20:24 | Queue | Villager (Male) |
| 20:26 | Queue | Archer |
| 20:56 | Queue | Archer |
| 20:56 | Queue | Archer |
| 21:04 | Queue | Archer |
| 21:15 | Queue | Archer |
| 21:17 | Queue | Villager (Male) |
| 21:22 | Queue | Villager (Male) |
| 21:44 | Queue | Archer |
| 21:45 | Queue | Villager (Male) |
| 21:57 | Queue | Archer |
| 21:59 | Queue | Villager (Male) |
| 22:04 | Build | Farm |
| 22:09 | Build | Market |
| 22:37 | Queue | Archer |
| 22:47 | Research | Castle Age |
| 23:01 | Build | Barracks |
| 23:02 | Build | Barracks |
| 23:04 | Research | Scale Mail Armor |
| 23:35 | Queue | Archer |
| 23:37 | Queue | Eagle Scout |
Build order — NatheSpike
First 150 of 164 actions detected
| 0:01 | Queue | Villager (Male) |
| 0:01 | Queue | Villager (Male) |
| 0:01 | Queue | Villager (Male) |
| 0:02 | Queue | Villager (Male) |
| 0:02 | Build | House |
| 0:04 | Build | House |
| 1:11 | Queue | Villager (Male) |
| 1:11 | Queue | Villager (Male) |
| 1:37 | Queue | Villager (Male) |
| 1:37 | Queue | Villager (Male) |
| 2:23 | Queue | Villager (Male) |
| 2:23 | Queue | Villager (Male) |
| 2:41 | Queue | Villager (Male) |
| 3:01 | Queue | Villager (Male) |
| 3:03 | Build | House |
| 3:30 | Queue | Villager (Male) |
| 3:34 | Build | Barracks |
| 4:09 | Queue | Villager (Male) |
| 4:25 | Build | House |
| 4:29 | Queue | Militia |
| 4:29 | Queue | Militia |
| 4:30 | Queue | Villager (Male) |
| 4:30 | Queue | Villager (Male) |
| 4:31 | Queue | Villager (Male) |
| 4:52 | Queue | Villager (Male) |
| 4:52 | Queue | Villager (Male) |
| 5:13 | Queue | Militia |
| 5:13 | Queue | Militia |
| 5:22 | Queue | Villager (Male) |
| 5:22 | Queue | Villager (Male) |
| 5:25 | Build | Lumber Camp |
| 5:42 | Queue | Militia |
| 5:42 | Queue | Militia |
| 5:42 | Queue | Militia |
| 5:47 | Queue | Villager (Male) |
| 5:47 | Queue | Villager (Male) |
| 6:10 | Queue | Villager (Male) |
| 6:23 | Build | House |
| 6:35 | Queue | Villager (Male) |
| 6:46 | Queue | Villager (Male) |
| 7:00 | Queue | Villager (Male) |
| 7:06 | Build | Mill |
| 7:23 | Queue | Villager (Male) |
| 7:27 | Queue | Militia ×2 |
| 7:27 | Queue | Militia ×2 |
| 7:46 | Queue | Villager (Male) |
| 8:06 | Queue | Villager (Male) |
| 8:14 | Queue | Villager (Male) |
| 8:28 | Build | Palisade Wall |
| 8:35 | Queue | Villager (Male) |
| 8:41 | Build | House |
| 8:44 | Build | Farm |
| 8:46 | Build | Farm |
| 8:52 | Queue | Villager (Male) |
| 8:56 | Build | Farm |
| 9:00 | Queue | Villager (Male) |
| 9:28 | Queue | Militia |
| 9:28 | Queue | Militia |
| 9:29 | Queue | Militia |
| 9:33 | Build | Farm |
| 9:49 | Queue | Militia |
| 9:50 | Queue | Villager (Male) |
| 9:50 | Queue | Villager (Male) |
| 10:01 | Build | Palisade Wall |
| 10:14 | Queue | Villager (Male) |
| 10:31 | Build | House |
| 10:42 | Build | Palisade Wall |
| 11:00 | Build | Palisade Wall |
| 11:03 | Queue | Villager (Male) |
| 11:06 | Build | Farm |
| 11:14 | Build | Palisade Wall |
| 11:36 | Build | Palisade Wall |
| 11:53 | Research | Feudal Age |
| 11:53 | Research | Feudal Age |
| 12:08 | Queue | Villager (Male) |
| 12:22 | Build | Palisade Wall |
| 12:43 | Queue | Militia |
| 12:47 | Queue | Villager (Male) |
| 12:50 | Queue | Villager (Male) |
| 12:53 | Build | Palisade Wall |
| 12:56 | Build | Palisade Wall |
| 12:58 | Build | Palisade Wall |
| 12:59 | Build | Palisade Wall |
| 13:00 | Build | Palisade Wall |
| 13:01 | Build | Palisade Wall |
| 13:02 | Build | Palisade Wall |
| 13:03 | Build | Palisade Wall |
| 13:14 | Queue | Villager (Male) |
| 13:16 | Build | Palisade Wall |
| 13:20 | Build | Palisade Wall |
| 13:22 | Queue | Villager (Male) |
| 13:38 | Queue | Villager (Male) |
| 13:40 | Build | Farm |
| 13:43 | Build | Palisade Wall |
| 13:45 | Queue | Villager (Male) |
| 13:46 | Queue | Militia |
| 13:46 | Queue | Militia |
| 13:53 | Build | Mining Camp |
| 13:58 | Build | House |
| 14:03 | Age | Feudal Age |
| 14:08 | Research | Man-at-Arms (upgrade) |
| 14:08 | Research | Man-at-Arms (upgrade) |
| 14:11 | Queue | Villager (Male) |
| 14:15 | Research | Double-Bit Axe |
| 14:15 | Research | Double-Bit Axe |
| 14:19 | Build | Archery Range |
| 14:37 | Queue | Militia |
| 14:37 | Queue | Militia |
| 14:38 | Queue | Militia |
| 14:39 | Queue | Villager (Male) |
| 14:53 | Queue | Villager (Male) |
| 15:02 | Queue | Villager (Male) |
| 15:09 | Queue | Militia |
| 15:11 | Queue | Villager (Male) |
| 15:19 | Queue | Militia |
| 15:21 | Queue | Villager (Male) |
| 15:23 | Queue | Villager (Male) |
| 15:31 | Build | Farm |
| 15:42 | Queue | Archer |
| 15:42 | Queue | Archer |
| 15:45 | Queue | Villager (Male) |
| 15:52 | Queue | Villager (Male) |
| 15:59 | Build | Stone Wall |
| 16:00 | Build | Stone Wall |
| 16:02 | Build | Stone Wall |
| 16:22 | Queue | Villager (Male) |
| 16:28 | Queue | Militia |
| 16:28 | Queue | Militia |
| 16:50 | Queue | Militia |
| 17:04 | Queue | Villager (Male) |
| 17:07 | Queue | Villager (Male) |
| 17:23 | Queue | Militia |
| 17:43 | Queue | Archer |
| 18:00 | Queue | Militia |
| 18:13 | Queue | Villager (Male) |
| 18:23 | Queue | Militia |
| 18:47 | Build | Farm |
| 18:59 | Queue | Villager (Male) |
| 19:10 | Queue | Villager (Male) |
| 19:17 | Build | Lumber Camp |
| 19:23 | Queue | Archer |
| 19:26 | Queue | Militia |
| 19:43 | Queue | Militia |
| 19:48 | Build | House |
| 19:50 | Queue | Villager (Male) |
| 19:50 | Queue | Villager (Male) |
| 20:06 | Research | Arson |
| 20:12 | Queue | Archer |
| 20:19 | Queue | Archer |
| 20:28 | Queue | Villager (Male) |
Match timeline
| 3:34 | NatheSpike · first_building Barracks |
| 6:59 | HaleDuck · first_building Barracks |
| 8:28 | NatheSpike · wall_segment Palisade Wall x10 |
| 9:49 | HaleDuck · age_up feudal |
| 10:01 | NatheSpike · wall_segment Palisade Wall x2 |
| 10:42 | NatheSpike · wall_segment Palisade Wall x7 |
| 10:48 | HaleDuck · wall_segment Palisade Wall x5 |
| 11:00 | NatheSpike · wall_segment Palisade Wall x5 |
| 11:14 | NatheSpike · wall_segment Palisade Wall x4 |
| 11:36 | NatheSpike · wall_segment Palisade Wall x3 |
| 12:00 | HaleDuck · wall_segment Palisade Wall x1 |
| 12:22 | NatheSpike · wall_segment Palisade Wall x4 |
| 12:53 | NatheSpike · wall_segment Palisade Wall x1 |
| 12:56 | NatheSpike · wall_segment Palisade Wall x2 |
| 12:58 | NatheSpike · wall_segment Palisade Wall x1 |
| 12:58 | HaleDuck · first_building Archery Range |
| 12:59 | NatheSpike · wall_segment Palisade Wall x1 |
| 13:00 | NatheSpike · wall_segment Palisade Wall x1 |
| 13:01 | NatheSpike · wall_segment Palisade Wall x1 |
| 13:02 | NatheSpike · wall_segment Palisade Wall x1 |
| 13:03 | NatheSpike · wall_segment Palisade Wall x1 |
| 13:16 | NatheSpike · wall_segment Palisade Wall x1 |
| 13:20 | NatheSpike · wall_segment Palisade Wall x4 |
| 13:43 | NatheSpike · wall_segment Palisade Wall x3 |
| 14:03 | NatheSpike · age_up feudal |
| 14:19 | NatheSpike · first_building Archery Range |
| 15:59 | NatheSpike · wall_segment Stone Wall x1 |
| 16:00 | NatheSpike · wall_segment Stone Wall x1 |
| 16:02 | NatheSpike · wall_segment Stone Wall x1 |
| 16:08 | HaleDuck · wall_segment Palisade Wall x9 |
| 16:11 | HaleDuck · wall_segment Palisade Wall x12 |
| 16:12 | HaleDuck · wall_segment Palisade Wall x12 |
| 16:49 | HaleDuck · wall_segment Palisade Wall x7 |
| 19:41 | HaleDuck · wall_segment Palisade Wall x1 |
| 23:37 | NatheSpike · resign |
[ AI ANALYSIS · 1 CREDIT ]
What really happened in this match?
Wolo.gg analyzes every decision: build order, eco, micro, common mistakes by bracket. Personalized analysis on WhatsApp or Discord in 30 seconds.
Civ guide
Aztecs
Perfil
HaleDuck